 Dungeon Crawl Stone Soup version 0.28-a0-850-g09de17f5b5 (webtiles) character file.

Game seed: 18175272371628940174

552 elagabalus the Cleaver (level 7, 48/62 HPs)
             Began as a Deep Dwarf Berserker on Nov 14, 2021.
             Was a Believer of Trog.
             Quit the game on level 4 of the Dungeon.
             The game lasted 00:20:08 (1662 turns).

elagabalus the Cleaver (Deep Dwarf Berserker)       Turns: 1662, Time: 00:20:09

Health: 48/62      AC:  9    Str: 22    XL:     7   Next: 8%
Magic:  7/7        EV:  8    Int:  8    God:    Trog [**....]
Gold:   149        SH:  0    Dex: 12    Spells: 6/6 levels left

rFire   . . .      SeeInvis .   o - +0 war axe
rCold   . . .      Faith    .   (no shield)
rNeg    . . .      Spirit   .   k - +0 chain mail
rPois   .          Reflect  .   (no helmet)
rElec   .          Harm     .   (no cloak)
rCorr   .          Rampage  .   f - +0 pair of gloves
Will    +....                   (no boots)
Stlth   ..........              (no amulet)
HPRegen 0.00/turn               (no ring)
MPRegen 0.10/turn               (no ring)

@: no status effects
A: damage resistance, heal wounds, sense surroundings 1, no regeneration
a: Heal Wounds, Renounce Religion, Berserk, Trog's Hand


You were on level 4 of the Dungeon.
You worshipped Trog.
Trog was pleased with you.
You visited 1 branch of the dungeon, and saw 4 of its levels.

You collected 149 gold pieces.

Inventory:

Hand Weapons
 l - a +0 flail
 o - a +0 war axe (weapon)
Missiles
 a - 15 poisoned darts
 j - 18 bolts
Armour
 f - a +0 pair of gloves (worn)
 k - a +0 chain mail (worn)
Scrolls
 c - 2 scrolls of blinking
 g - 2 scrolls of teleportation
 n - a scroll of brand weapon {unknown}
Potions
 b - 2 potions of heal wounds
 d - 2 potions of attraction
 e - 2 potions of curing {unknown}
 h - 2 potions of haste
 i - a potion of might {unknown}
 m - a potion of berserk rage {unknown}


   Skills:
 - Level 3.0 Fighting
 * Level 8.8 Axes
 - Level 2.1 Armour
 - Level 2.1 Dodging


You had 6 spell levels left.
You didn't know any spells.
Your spell library contained the following spells:

 Spells                   Type           Power      Damage    Failure   Level
 Beastly Appendage        Tmut           0%         N/A       99%         1
 Pain                     Necr           0%         1d4       99%         1
 Shock                    Conj/Air       0%         1d3       99%         1
 Sublimation of Blood     Necr           0%         N/A       99%         2
 Wereblood                Tmut           0%         N/A       99%         2
 Spider Form              Tmut/Pois      0%         N/A       100%        3
 Swiftness                Air            0%         N/A       100%        3
 Airstrike                Air            0%         N/A       100%        4
 Agony                    Necr           0%         N/A       100%        5
 Excruciating Wounds      Necr           0%         N/A       100%        5
 Summon Hydra             Summ           0%         N/A       100%        7


Dungeon Overview and Level Annotations

Branches:
Dungeon (4/15)
 Temple: D:4-7

Altars:
Gozag
Nemelex Xobeh
Uskayaw


Innate Abilities, Weirdness & Mutations

You are resistant to damage.
You can heal yourself by infusing magical energy.
You passively map a small area around you.
You do not regenerate.


Message History

The gnoll closely misses you. The gnoll hits you with a +0 spear.
You barely miss the gnoll.
The gnoll is almost dead.
The gnoll hits you but does no damage. The gnoll closely misses you.
You slash the gnoll!
You kill the gnoll!
Trog accepts your kill.
d - 2 glowing purple potions You see here a +0 spear.
Your skin crawls.
You feel strong-willed.
You feel the effects of Trog's Hand fading.
l - a scroll of identify
As you read the scroll of identify, it crumbles to dust.
d - 2 potions of attraction Your skin stops crawling.
You feel less strong-willed.
You see here a +0 flail.
You see here a +0 spear.
Things that are here:
a +0 spear; a gnoll corpse You see here a +0 flail.
l - a +0 flail
Things that are here:
a +0 spear; a gnoll corpse You open the door.
You feel yourself speed up.
There is an open door here.
There is an open door here.
There is a sparkling altar of Nemelex Xobeh here.
You open the door.
There is an open door here.
You recover from your berserk rage.
Found an escape hatch in the ceiling.
Found a stone staircase leading up.
Found 14 stones.
Found a scroll labelled KOCEME XUASU.
n - a scroll labelled KOCEME XUASU
Found a stone staircase leading down.
You open the door.
There is an open door here.
Are you sure you want to abandon this character and quit the game? (Confirm with "yes".)

..._...#.#.#....#..
*,*
))⌠.⌠..#.#.#.....##
.)...#.#.#.#.#...P####
##'#.#.#.#............
_
##.#.#.#.#.###...P####
, ...#.#.#.#.#
#>..###, , **
####.#.#.#.# #.....#,
####.#.#.#.# #.....#,,
*, .....#.#.#.#
#.#@#.# * ,
.........#.# #.#.#...
, , ######.###.. ..#.#
.... , , ####'##
###..#.# ..... #.....#
#.#..#.#, .... ,
#.....###.# ,#.# ####
#.......§§# #.#* *
#......##§#, #..,, ,
#......#§§# *


There were no monsters in sight!

Vanquished Creatures
  Grinder (D:3)
  A gnoll shaman (D:4)
  2 orc priests (D:3)
  Natasha (thrice) (D:2)
  11 gnolls
  3 worms
  3 dart slugs
  3 orcs (D:3)
  4 endoplasms
  2 giant cockroaches
  4 goblins
  4 hobgoblins
  3 quokkas
  9 ball pythons
  7 bats
  A frilled lizard (D:1)
  3 kobolds
  2 rats
66 creatures vanquished.

Notes
Turn   | Place    | Note
-------+----------+-------------------------------------------
     0 | D:1      | elagabalus the Deep Dwarf Berserker began the quest for the
                  | Orb.
     0 | D:1      | Reached XP level 1. HP: 20/20 MP: 1/1
   151 | D:1      | Reached XP level 2. HP: 28/28 MP: 2/2
   241 | D:1      | Reached skill level 4 in Axes
   354 | D:1      | Reached ** piety under Trog
   437 | D:2      | Found an opulent altar of Gozag.
   499 | D:2      | Reached XP level 3. HP: 34/34 MP: 3/3
   661 | D:2      | Noticed Natasha
   677 | D:2      | Killed Natasha
   678 | D:2      | Reached skill level 5 in Axes
   679 | D:2      | Reached XP level 4. HP: 30/42 MP: 4/4
   692 | D:2      | Found a faded altar of an unknown god.
   823 | D:2      | Noticed Natasha
   831 | D:2      | Killed Natasha
   832 | D:2      | Reached skill level 6 in Axes
  1042 | D:2      | Noticed Natasha
  1057 | D:2      | Killed Natasha
  1058 | D:2      | Reached XP level 5. HP: 17/49 MP: 5/5
  1213 | D:3      | Found a hide-covered altar of Uskayaw.
  1251 | D:3      | Reached skill level 7 in Axes
  1422 | D:3      | Noticed Grinder
  1434 | D:3      | Killed Grinder
  1435 | D:3      | Reached skill level 8 in Axes
  1435 | D:3      | Reached XP level 6. HP: 56/56 MP: 6/6
  1572 | D:4      | Found a sparkling altar of Nemelex Xobeh.
  1593 | D:4      | Reached XP level 7. HP: 41/62 MP: 7/7
  1662 | D:4      | Quit the game

Illustrated notes

Levels and vault maps discovered:
D:1:      dpeg_arrival_tiny_c, layout_rooms
D:2:      layout_basic, ebering_ecumenical_altar_box, basic_altar, serial_glass,
          glass_columns_a, glass_columns_a, uniq_natasha
D:3:      layout_rooms, mainiacjoe_overflow_24_doors, uniq_grinder
D:4:      layout_basic, xom_teletrap_fun, nemelex_xobeh_ov_fountains_minmay,
          fedhas_altar_decomposition, serial_shops, nicolae_square_shop,
          grunt_decor_resistance

Skill      XL: |  1  2  3  4  5 |
---------------+----------------+-----
Fighting       | 3 |  3.0
Axes           | 4 5 6 8 |  8.8
Armour         | |  2.1
Dodging        | |  2.1

Action                   |  1- 3 |  4- 6 |  7- 9 || total
-------------------------+-------+-------+-------++-------
Melee: Hand axe          |    98 |    70 |       ||   168
       War axe           |       |    33 |     4 ||    37
Invok: Berserk           |     3 |     6 |       ||     9
       Trog's Hand       |       |     8 |     1 ||     9
  Use: Scroll            |     4 |     4 |     1 ||     9
Armor: Animal skin       |    12 |       |       ||    12
       Chain mail        |    16 |    45 |     3 ||    64
Dodge: Dodged            |    60 |    32 |     3 ||    95

Table legend: (Time is in decaauts)
 A = Elapsed time spent in this place.
 B = Non-inter-level travel time spent in this place.
 C = Inter-level travel time spent in this place.
 D = Time resting spent in this place.
 E = Time spent auto-exploring this place.
 F = Levels seen in this place.
 G = Mean time per level.
                   A        B        C        D        E       F      G
               +--------+--------+--------+--------+--------+-----+--------+
         Total |   1755 |    546 |   1209 |      0 |      0 |   4 |  438.8 |
       Dungeon |   1755 |    546 |   1209 |      0 |      0 |   4 |  438.8 |
               +--------+--------+--------+--------+--------+-----+--------+

Top non-repeatable levels by time:
     D:2: 721 daAuts
     D:1: 474 daAuts
     D:3: 430 daAuts
     D:4: 129 daAuts
